 Dungeon Crawl Stone Soup version 0.23.1-37-gaa34b87 (webtiles) character file.

Game seed: 5945823661490586513

4848 Fang the Fighter (level 10, -1/66 HPs)
             Began as a Gargoyle Berserker on Mar 27, 2019.
             Was an Elder of Trog.
             Splashed by an acid dragon's acid (8 damage)
             ... on level 8 of the Dungeon.
             The game lasted 00:10:19 (7971 turns).

Fang the Fighter (Gargoyle Berserker)               Turns: 7971, Time: 00:10:19

Health: -1/66      AC: 15    Str: 24    XL:     10   Next: 49%
Magic:  10/10      EV: 11    Int:  8    God:    Trog [****..]
Gold:   380        SH:  0    Dex:  9    Spells: 9/9 levels left

rFire    . . .     SeeInvis .   e - +2 battleaxe
rCold    . . .     Gourm    .   (shield currently unavailable)
rNeg     + . .     Faith    .   A - +0 chain mail
rPois    ∞         Spirit   .   q - +0 helmet
rElec    +         Reflect  .   (no cloak)
rCorr    +         Harm     .   (no gloves)
MR       ++...                  (no boots)
Stlth    ..........             (no amulet)
HPRegen  1.21/turn              y - ring of resist corrosion
MPRegen  0.12/turn              (no ring)

@: corroded, regenerating
A: negative energy resistance 1, electricity resistance, unbreathing,
petrification resistance, rot immunity, AC +7
a: Berserk, Trog's Hand, Brothers in Arms, Renounce Religion


You were on level 8 of the Dungeon.
You worshipped Trog.
Trog was greatly pleased with you.
You were hungry.

You visited 2 branches of the dungeon, and saw 9 of its levels.

You collected 380 gold pieces.

Inventory:

Hand Weapons
 e - a +2 battleaxe (weapon)
Armour
 q - a +0 helmet (worn)
 A - a +0 chain mail (worn)
Jewellery
 y - a ring of resist corrosion (left hand)
Wands
 a - a wand of random effects (6)
 b - a wand of scattershot (7)
 j - a wand of disintegration (4)
Scrolls
 h - 3 scrolls of teleportation
 i - a scroll of fear {unknown}
 m - a scroll of magic mapping
 s - 3 scrolls of fog
 w - 2 scrolls of remove curse
Potions
 d - a potion of cancellation
 f - a potion of magic
 k - 2 potions of flight
 l - a potion of haste
 n - 4 potions of curing {unknown}
 o - a potion of might
 p - a potion of lignification {unknown}
 t - a potion of berserk rage {unknown}
 v - a potion of agility {unknown}
 x - a potion of heal wounds {unknown}
 z - a potion of invisibility {unknown}
Comestibles
 c - 11 rations
 g - a chunk of flesh


   Skills:
 + Level 9.0 Fighting
 + Level 7.5 Axes
 + Level 8.6 Armour
 + Level 6.5 Dodging


You had 9 spell levels left.
You didn't know any spells.
Your spell library was empty.

Dungeon Overview and Level Annotations

Branches:
Dungeon (8/15)             Temple (1/1) D:5            Lair (0/6) D:8

Altars:
Cheibriados
Dithmenos
Fedhas
Gozag
Hepliaklqana
Nemelex Xobeh
Okawaru
Trog
Vehumet
Xom
Zin

Shops:
D:6 [   D:8 :

Annotations:
D:7 Prince Ribbit


Innate Abilities, Weirdness & Mutations

You are resistant to torment.
Your stone body is resilient. (AC +7)
You are immune to poison.
You resist negative energy. (rN+)
You are resistant to electric shocks. (rElec)
You can survive without breathing.
You are immune to petrification.
You are immune to rotting.


Message History

You are too injured to fight recklessly!
You are too injured to fight recklessly!
You are too injured to fight recklessly!
You are too injured to fight recklessly!
You are too injured to fight recklessly!
You are too injured to fight recklessly!
You are too injured to fight recklessly!
You are too injured to fight recklessly!
You are too injured to fight recklessly!
You are too injured to fight recklessly!
Okay, then.
Okay, then.
Your skin crawls.
You feel resistant to hostile enchantments.
You feel somewhat more hungry. The acid dragon spits acid at you.
The splash of acid hits you. You resist.
* * * LOW HITPOINT WARNING * * *
You are splashed with acid!
You resist.
You die...

*>* *,********** *,,,,,,,,,,*
*,,*******,*
**************##*###### **,,,*
*,*,* #.##..#.#########
*,,*,******,#***#.#.###.........
***,,,**,,#..#.####........###...
*,+*,,,,,*#....D@.........## ####
*,***,*,,......l.....####.# #.
*,***,,,,...#...(.##.#**### ##
****,,,**........####l.,,***
*,,,,,*,*#...##.# *###,*,*
****,****###.*### **>,* #######
#** ### *######## ##...>.## ###
#.# #....... ##.......## ##.###.#
#####..#


You could see 2 komodo dragons and an acid dragon.

Vanquished Creatures
  A two-headed ogre (D:8)
  Pikel (D:6)
  Grinder (D:4)
  A hippogriff (D:8)
  Sigmund (D:6)
  A wyvern (D:8)
  2 water moccasins
  An acid dragon (D:7)
  An ice beast (D:6)
  2 slaves (D:6)
  5 ogres
  2 phantoms
  A centaur (D:8)
  The ghost of withersans the Shooter, an amateur DEWn (D:3)
  5 bullfrogs
  Dowan (D:6)
  8 scorpions
  4 killer bees (D:7)
  A howler monkey (D:5)
  3 crimson imps
  A jelly (D:5)
  2 bullfrog skeletons
  3 hounds
  2 orc wizards (D:7)
  4 iguanas
  6 worker ants
  A hound zombie (D:8)
  5 gnolls
  A howler monkey skeleton (D:7)
  14 adders
  2 oozes
  An adder zombie (D:7)
  An adder skeleton (D:7)
  2 worms
  3 dart slugs
  5 leopard geckos
  14 orcs
  13 bats
  11 giant cockroaches
  5 goblins
  8 hobgoblins
  14 jackals
  3 quokkas
  4 ball pythons
  4 frilled lizards
  A jackal skeleton (D:5)
  8 kobolds
  7 rats
188 creatures vanquished.

Vanquished Creatures (others)
  Duvessa (D:6)
1 creature vanquished.

Grand Total: 189 creatures vanquished

Notes
Turn   | Place    | Note
-------+----------+-------------------------------------------
     0 | D:1      | Fang the Gargoyle Berserker began the quest for the Orb.
     0 | D:1      | Reached XP level 1. HP: 14/14 MP: 1/1
   462 | D:1      | Reached XP level 2. HP: 18/19 MP: 2/2
   756 | D:1      | Reached XP level 3. HP: 20/24 MP: 3/3
   925 | D:1      | Reached ** piety under Trog
  1473 | D:2      | Reached XP level 4. HP: 29/29 MP: 4/4
  2106 | D:2      | Reached skill level 4 in Fighting
  2323 | D:3      | Noticed a bullfrog
  2334 | D:3      | Found a runed translucent door.
  2341 | D:3      | Noticed withersans's ghost (amateur DEWn)
  2856 | D:3      | Reached XP level 5. HP: 25/33 MP: 5/5
  3238 | D:3      | Reached *** piety under Trog
  3412 | D:3      | Reached XP level 6. HP: 39/39 MP: 6/6
  3417 | D:3      | Killed withersans's ghost
  3770 | D:4      | Reached skill level 5 in Fighting
  3770 | D:4      | Reached XP level 7. HP: 34/44 MP: 7/7
  4124 | D:4      | Reached skill level 5 in Armour
  4210 | D:4      | Reached XP level 8. HP: 39/51 MP: 8/8
  4220 | D:4      | Found an iron altar of Okawaru.
  4376 | D:4      | Reached skill level 5 in Axes
  4377 | D:4      | Reached skill level 6 in Fighting
  4536 | D:4      | Noticed Grinder
  4553 | D:4      | Killed Grinder
  4962 | D:5      | Entered Level 5 of the Dungeon
  5003 | D:5      | Found a staircase to the Ecumenical Temple.
  5136 | D:5      | Reached **** piety under Trog
  5140 | Temple   | Entered the Ecumenical Temple
  5471 | D:5      | Reached XP level 9. HP: 43/56 MP: 9/9
  5733 | D:6      | Noticed Pikel
  5737 | D:6      | Noticed Duvessa
  5738 | D:6      | Noticed Dowan
  5748 | D:6      | Killed Pikel
  5748 | D:6      | Reached skill level 7 in Fighting
  5748 | D:6      | Reached skill level 5 in Dodging
  5748 | D:6      | Killed Dowan
  5751 | D:6      | Noticed Sigmund
  5755 | D:6      | Killed Duvessa
  6009 | D:6      | Killed Sigmund
  6114 | D:6      | Found Rueteul's Armour Boutique.
  6219 | D:6      | Found a bloodstained altar of Trog.
  6222 | D:6      | Found a shadowy altar of Dithmenos.
  6225 | D:6      | Found a glowing silver altar of Zin.
  6239 | D:6      | Found a shimmering altar of Xom.
  6360 | D:6      | Reached skill level 8 in Fighting
  6577 | D:7      | Reached XP level 10. HP: 56/64 MP: 10/10
  6883 | D:7      | Noticed Prince Ribbit
  6914 | D:8      | Noticed a two-headed ogre
  7286 | D:8      | Killed a two-headed ogre
  7575 | D:8      | Found Epiutis's Book Boutique.
  7952 | D:8      | Reached skill level 9 in Fighting
  7971 | D:8      | Splashed by an acid dragon's acid

Skill      XL: |  1  2  3  4  5  6  7  8  9 10 |
---------------+-------------------------------+-----
Axes           | 3 4 5 6 7 |  7.5
Dodging        | 2 3 4 5 6 |  6.5
Armour         | 3 4 5 6 7 8 |  8.6
Fighting       | 4 5 6 8 9 |  9.0

Action                   |  1- 3 |  4- 6 |  7- 9 | 10-12 || total
-------------------------+-------+-------+-------+-------++-------
Melee: Hand axe          |   152 |   286 |       |       ||   438
       War axe           |       |    28 |       |       ||    28
       Battleaxe         |       |    32 |   350 |   114 ||   496
Invok: Berserk           |       |     2 |     3 |     2 ||     7
       Trog's Hand       |       |       |       |     1 ||     1
       Brothers in Arms  |       |       |       |     1 ||     1
  Use: Scroll            |       |     1 |     1 |    13 ||    15
  Eat: Chunk             |     2 |    10 |     9 |     6 ||    27
       Ration            |       |       |     1 |       ||     1
Armor: Animal skin       |    37 |       |       |       ||    37
       Scale mail        |    18 |   208 |   156 |       ||   382
       Chain mail        |       |       |   144 |   116 ||   260
Dodge: Dodged            |   118 |   198 |   307 |   119 ||   742
